 Dungeon Crawl Stone Soup version 0.26.0-41-g79a4fc7684 (webtiles) character file.

Game seed: 15731615281381692787

2247 oldmanjim the Cleaver (level 9, -1/75 HPs)
             Began as a Hill Orc Monk on Jan 26, 2021.
             Was a Believer of Beogh.
             Slain by a killer bee (7 damage)
             ... on level 10 of the Dungeon.
             The game lasted 00:45:48 (9245 turns).

oldmanjim the Cleaver (Hill Orc Monk)               Turns: 9245, Time: 00:45:52

Health: -1/75      AC: 15    Str: 20    XL:     9   Next: 37%
Magic:  9/9        EV:  8    Int: 10    God:    Beogh [**....]
Gold:   424        SH:  0    Dex: 13    Spells: 8/8 levels left

rFire    . . .     SeeInvis .   a - +3 spear "Onufushra" {antimagic, rPois MP+9 Str+3}
rCold    . . .     Faith    +   (no shield)
rNeg     + . .     Spirit   .   M - +0 chain mail
rPois    +         Reflect  .   (no helmet)
rElec    .         Harm     .   C - +2 cloak
rCorr    .         Rampage  .   i - +2 pair of gloves {archery}
Will     .....                  B - +0 pair of boots
Stlth    ..........             r - amulet of faith
HPRegen  0.22/turn              L - ring of positive energy
MPRegen  0.11/turn              A - ring of magical power

@: lethally poisoned (-1 -> -4)
A: no striking features
a: Renounce Religion, Smiting


You were on level 10 of the Dungeon.
You worshipped Beogh.
Beogh was pleased with you.
You visited 1 branch of the dungeon, and saw 9 of its levels.

You collected 424 gold pieces.

Inventory:

Hand Weapons
 a - the +3 spear "Onufushra" (weapon) {antimagic, rPois MP+9 Str+3}
   (You found it on level 4 of the Dungeon)

   It reduces the magical energy of the wielder, and disrupts the spells and
   magical abilities of those hit.
   Natural abilities and divine invocations are not affected.
   It affects your strength (+3).
   It protects you from poison.
   It affects your magic capacity (+9).
 b - a +0 hunting sling
 I - a +0 hand axe
 O - a +0 war axe
Missiles
 c - 45 sling bullets
 f - 6 javelins
 o - 227 stones
 t - 49 poisoned darts (quivered)
 x - 3 throwing nets
Armour
 g - a +0 plate armour
 i - a +2 pair of gloves of archery (worn)
 B - a +0 pair of boots (worn)
 C - a +2 cloak (worn)
 M - a +0 chain mail (worn)
Jewellery
 m - an uncursed ring of see invisible
 q - an uncursed ring of flight
 r - an amulet of faith (around neck)
 A - a ring of magical power (right hand)
 L - a ring of positive energy (left hand)
Wands
 u - a wand of polymorph (10)
 v - a wand of paralysis (9)
 H - a wand of flame (20)
 J - a wand of digging (6)
 N - a wand of acid (8)
 P - a wand of enslavement (3)
 S - a wand of disintegration (16)
Scrolls
 e - a scroll of immolation {unknown}
 k - 3 scrolls of remove curse
 p - a scroll of fog {unknown}
 y - 3 scrolls of enchant armour {unknown}
 z - a scroll of magic mapping {unknown}
 D - 3 scrolls of enchant weapon {unknown}
 G - 3 scrolls of teleportation {unknown}
 Q - a scroll of amnesia
 R - a scroll of noise {unknown}
Potions
 d - a potion of heal wounds
 h - 2 potions of might
 j - a potion of lignification
 l - 4 potions of flight
 n - 3 potions of curing
 s - a potion of attraction {unknown}
 w - a potion of magic {unknown}
 E - 2 potions of mutation
 F - a potion of ambrosia {unknown}
 K - a potion of brilliance {unknown}


   Skills:
 - Level 6.0 Fighting
 + Level 13.8 Axes
 - Level 2.4 Dodging
 - Level 1.5 Stealth
 - Level 4.0 Evocations


You had 8 spell levels left.
You didn't know any spells.
Your spell library contained the following spells:

 Spells                   Type           Power        Failure   Level
 Beastly Appendage        Tmut           0%           99%         1
 Summon Small Mammal      Summ           0%           99%         1
 Call Imp                 Summ           0%           100%        2
 Wereblood                Tmut           0%           100%        2
 Call Canine Familiar     Summ           0%           100%        3
 Spider Form              Tmut/Pois      0%           100%        3
 Summon Guardian Golem    Hex/Summ       0%           100%        3
 Ice Form                 Ice/Tmut       0%           100%        4
 Summon Ice Beast         Ice/Summ       0%           100%        4
 Summon Lightning Spire   Summ/Air       0%           100%        4
 Blade Hands              Tmut           0%           100%        5


Dungeon Overview and Level Annotations

Branches:
Dungeon (8/15)             Temple (0/1) D:7
   Lair: D:8-11

Altars:
Ashenzari
Fedhas
Nemelex Xobeh
Okawaru
Qazlal
Trog
Vehumet
Zin
The Shining One

Shops:
D:7 }

Annotations:
D:7 1 runed translucent door, exclusion: door, Crazy Yiuf


Message History

The hound skeleton bites you but does no damage.
Aiming: Enslavement
Press: ? - help, Shift-Dir - straight line, f - killer bee, p - ogre
Aim: a killer bee (chance to affect: 67%)
The killer bee struggles to resist.
You feel sick.
The orc priest dies!
The killer bee barely misses you. The killer bee stings you.
* * * LOW HITPOINT WARNING * * *
The killer bee barely misses you.
The killer bee stings you but does no damage.
The worker ant bites you.
* * * LOW HITPOINT WARNING * * *
The hound skeleton bites you but does no damage.
Aiming: Enslavement
Press: ? - help, Shift-Dir - straight line, f/p - killer bee
Aim: a killer bee (chance to affect: 67%)
The killer bee is charmed.
The worker ant dies!
The killer bee stings you!
You die...

....... #......##
........# #
........#### .##
...........##..##
#........o....#.
#o...........
#.##..OZy.((...
#....(@y..KK..
##...#KK.K$...
#...###...K...
#.#.## #...$..
#### #..... .....
.... ....


You could see a big kobold, a killer bee, 5 kobolds, a hound skeleton, a neutral
orc wizard (wandering), a neutral orc (wandering, extremely poisoned), a
friendly ogre (charmed) and a friendly killer bee (charmed).

Vanquished Creatures
  2 orc warriors (D:7)
  2 ice beasts
  A necrophage (D:5)
  A sky beast (D:6)
  4 ogres
  2 phantoms (D:7)
  A centaur (D:5)
  A gnoll sergeant (D:5)
  A bullfrog (D:5)
  A scorpion (D:7)
  2 howler monkeys
  A bullfrog zombie (D:7)
  3 jellies
  A hound (D:5)
  3 orc wizards
  Ijyb (D:4)
  An iguana (D:5)
  8 worker ants
  A hound zombie (D:7)
  2 hound skeletons
  9 gnolls
  8 adders
  2 white imps (D:7)
  4 ufetubi
  2 oozes
  An adder skeleton (D:6)
  2 worms
  A dart slug (D:1)
  3 leopard geckos
  20 orcs
  8 bats
  4 giant cockroaches
  6 goblins
  6 hobgoblins
  18 jackals
  4 quokkas
  4 frilled lizards
  A jackal skeleton (D:4)
  6 kobolds
  A leopard gecko skeleton (D:4)
  A quokka skeleton (D:7)
  8 rats
158 creatures vanquished.

Vanquished Creatures (others)
  An orc priest (D:10)
  A worker ant (D:10)
  A kobold (D:10)
  A plant (D:4)
4 creatures vanquished.

Grand Total: 162 creatures vanquished

Notes
Turn   | Place    | Note
-------+----------+-------------------------------------------
     0 | D:1      | oldmanjim the Hill Orc Monk began the quest for the Orb.
     0 | D:1      | Reached XP level 1. HP: 19/19 MP: 1/1
   317 | D:1      | Reached XP level 2. HP: 27/27 MP: 2/2
   777 | D:1      | Reached XP level 3. HP: 26/34 MP: 3/3
  1298 | D:2      | Found an iron altar of Okawaru.
  1347 | D:2      | Reached skill level 5 in Axes
  1900 | D:3      | Reached XP level 4. HP: 24/41 MP: 4/4
  2204 | D:3      | Reached skill level 5 in Fighting
  2341 | D:3      | Found a faded altar of an unknown god.
  2752 | D:3      | Reached XP level 5. HP: 48/48 MP: 5/5
  3002 | D:3      | Reached skill level 6 in Axes
  3612 | D:4      | Found a stormy altar of Qazlal.
  3710 | D:4      | Found a blossoming altar of Fedhas.
  3742 | D:4      | Reached XP level 6. HP: 49/57 MP: 6/6
  3807 | D:4      | Reached skill level 1 in Evocations
  3823 | D:4      | Reached skill level 7 in Axes
  3882 | D:4      | Noticed Ijyb
  3907 | D:4      | Killed Ijyb
  4051 | D:4      | Found a sparkling altar of Nemelex Xobeh.
  4307 | D:4      | Got an iridescent spear
  4308 | D:4      | Identified the +3 spear "Onufushra" {antimagic, rPois MP+9
                  | Str+3} (You found it on level 4 of the Dungeon)
  4468 | D:5      | Entered Level 5 of the Dungeon
  4547 | D:5      | Reached XP level 7. HP: 36/63 MP: 7/7
  4912 | D:5      | Reached skill level 8 in Axes
  5665 | D:5      | Reached skill level 9 in Axes
  5675 | D:5      | Reached XP level 8. HP: 66/70 MP: 5/8
  5765 | D:6      | Reached skill level 10 in Axes
  6137 | D:6      | Found a glowing silver altar of Zin.
  6257 | D:6      | Reached skill level 11 in Axes
  6466 | D:6      | Found a glowing golden altar of the Shining One.
  6842 | D:6      | Found a broken altar of Ashenzari.
  6842 | D:6      | Found a bloodstained altar of Trog.
  6880 | D:7      | Found Fanyimee's Gadget Shoppe.
  6880 | D:7      | Found a staircase to the Ecumenical Temple.
  7607 | D:7      | Reached skill level 12 in Axes
  7768 | D:7      | Reached XP level 9. HP: 36/75 MP: 9/9
  8215 | D:7      | Reached skill level 13 in Axes
  8259 | D:7      | Found a radiant altar of Vehumet.
  8599 | D:7      | Found a runed translucent door.
  8600 | D:7      | Noticed Crazy Yiuf
  9228 | D:8      | You fall into a shaft and drop 2 floors!
  9228 | D:10     | Entered Level 10 of the Dungeon
  9231 | D:10     | Became a worshipper of Beogh the Brigand
  9231 | D:10     | Reached * piety under Beogh
  9231 | D:10     | Reached ** piety under Beogh
  9245 | D:10     | Slain by a killer bee

Illustrated notes

Levels and vault maps discovered:
D:1:      nicolae_arrival_memento_mori, layout_rooms, st_stairs_9,
          due_unseen_surprise
D:2:      layout_loops_ring, nicolae_overflow_crystal_walls
D:3:      layout_rooms, chequers_ecumenical_altar_simple,
          chequers_serial_rivers_large_a, grunt_decor_one_mirror,
          grunt_ministairs_7, bh_walls_and_bars
D:4:      layout_loops_ring, general_overflow_altar,
          nicolae_qazlal_general_emergency, fedhas_ov_isle_minmay, uniq_ijyb
D:5:      layout_basic, minmay_small_thing
D:6:      layout_rooms, zin_academy, nicolae_overflow_hidden_temple,
          tso_metal_star
D:7:      layout_loops_ring, overflow_temple_1_default,
          minmay_temple_entry_sparse_star, serial_shops, shop,
          uniq_crazy_yiuf_cottage
D:8:      layout_loops_ring, minmay_misc_feat_rows
D:10:     layout_big_octagon, chequers_serial_rivers_large_b

Skill      XL: |  1  2  3  4  5  6  7  8  9 |
---------------+----------------------------+-----
Fighting       | 4 5 6 |  6.0
Axes           | 5 6 7 9 12 13 | 13.8
Evocations     | 2 4 |  4.0
Dodging        | |  2.4
Stealth        | |  1.5

Action                   |  1- 3 |  4- 6 |  7- 9 || total
-------------------------+-------+-------+-------++-------
Melee: Hand axe          |   135 |   189 |       ||   324
       Spear             |       |     5 |   401 ||   406
 Fire: Hunting sling     |       |    24 |    74 ||    98
Throw: Dart              |       |    10 |    61 ||    71
       Javelin           |       |       |     7 ||     7
Invok: Convert to Beogh  |       |       |     1 ||     1
 Abil: Evoke Flight      |       |     1 |       ||     1
Evoke: Wand              |       |       |     3 ||     3
  Use: Scroll            |       |     7 |     3 ||    10
 Stab: Sleeping          |    11 |       |       ||    11
       Distracted        |       |       |     1 ||     1
Armor: Robe              |    15 |       |       ||    15
       Leather armour    |     1 |     5 |       ||     6
       Plate armour      |       |    61 |       ||    61
       Chain mail        |       |    96 |   228 ||   324
Dodge: Dodged            |    86 |    79 |   154 ||   319
